AoeStats
← jucealegria

Arabia

503282965Analyzed
1v1 RM · 2mo ago on Aug 31, 2026· 39m 59s· 2 players
Game mode
Random Map
Map size
Tiny (2 player)
Population
200
Speed
Normal
Resources
Standard
Victory
Conquest
Starting age
Dark Age
Ending age
Imperial Age
RankedLock teamsTeams togetherTeam positionsShared explorationLock speedFull tech treeHidden civsTurbo modeCheats
Victory
Defeat
🇨🇦 Portuguese · Canada
627
+15
vs
🇨🇱 Mongols · Chile
610
-15
jucealegria
7:35 Loom
10:26 Feudal Age
11:31 Double-Bit Axe
11:30 Horse Collar
22:22 Gold Mining
22:29 Stone Mining
25:49 Castle Age
24:26 Wheelbarrow
25:11 Forging
24:52 Fletching
25:03 Padded Archer Armor
25:04 Scale Mail Armor
25:11 Scale Barding Armor
28:42 Stone Shaft Mining
28:47 Gold Shaft Mining
28:59 Hand Cart
29:42 Crossbowman
31:41 Bow Saw
34:21 Iron Casting
33:41 Bodkin Arrow
35:43 Thumb Ring
41:41 Imperial Age
Lord Lucas
0:31 Loom
14:11 Feudal Age
16:21 Horse Collar
16:42 Double-Bit Axe
20:12 Forging
23:31 Castle Age
21:28 Gold Mining
22:17 Scale Barding Armor
22:03 Fletching
23:20 Bloodlines
25:58 Iron Casting
26:53 Murder Holes
27:54 Ballistics
28:49 Stone Mining
30:31 Treadmill Crane
31:27 Husbandry
33:23 Chain Barding Armor
34:01 Wheelbarrow
33:51 Town Watch
39:01 Imperial Age
36:55 Hand Cart
38:21 Masonry
38:12 Bodkin Arrow
38:49 Heavy Plow
39:09 Town Patrol
Connection lost

Rejoining the realm…

Still unreachable

The connection could not be restored.

Session expired

The server has moved on; the page needs a fresh start.